 Dungeon Crawl Stone Soup version 0.29-a0-1023-g6ae1a4a2c7 (webtiles) character file.

Game seed: 15433872644817989203

14830 ytrimaz the Cleaver (level 11, -3/138 HPs)
             Began as a Demonspawn Berserker on Aug 11, 2022.
             Was a Priest of Trog.
             Slain by an unseen horror (9 damage)
             ... on level 12 of the Dungeon.
             The game lasted 00:22:51 (17908 turns).

ytrimaz the Cleaver (Demonspawn Berserker)         Turns: 17908, Time: 00:22:52

Health: -3/138     AC: 18    Str: 21    XL:     11   Next: 93%
Magic:  11/11      EV:  7    Int:  8    God:    Trog [***...]
Gold:   178        SH:  0    Dex: 14    Spells: 10/10 levels left

rFire   + . .      SeeInvis .   I - +0 hand axe (freeze)
rCold   + . .      Faith    .   (no shield)
rNeg    . . .      Spirit   .   G - +3 plate armour {Will+}
rPois   .          Reflect  .   (helmet restricted)
rElec   .          Harm     .   J - scarf {rC+ rF+}
rCorr   .          Rampage  .   B - +0 pair of gloves
Will    ++++.                   (no boots)
Stlth   ..........              (no amulet)
HPRegen 1.33/turn               D - ring of willpower
MPRegen 0.12/turn               (no ring)

@: berserking, strong-willed, regenerating, very quick
A: antennae 1, demonic guardian 1, ignite blood 1, sharp scales 1
a: Renounce Religion, Berserk, Trog's Hand


You were on level 12 of the Dungeon.
You worshipped Trog.
Trog was most pleased with you.
You visited 2 branches of the dungeon, and saw 13 of its levels.

You collected 808 gold pieces.
You spent 630 gold pieces at shops.

Inventory:

Hand Weapons
 a - a +1 hand axe
 i - a +2 hand axe of electrocution
 v - a +0 war axe of freezing
 I - a +0 hand axe of freezing (weapon)
Missiles
 n - 4 silver javelins (quivered)
Armour
 c - a +2 leather armour of willpower
 f - a +1 cloak
 A - a +0 chain mail
 B - a +0 pair of gloves (worn)
 F - a +0 troll leather armour
 G - a +3 plate armour of willpower (worn)
 J - a scarf of resistance (worn)
Jewellery
 d - a ring of fire
 D - a ring of willpower (left hand)
Wands
 m - a wand of acid (12)
 r - a wand of mindburst (16)
 u - a wand of flame (24)
 E - a wand of charming (1)
Scrolls
 e - a scroll of enchant weapon
 g - 3 scrolls of poison
 h - a scroll of butterflies
 k - 4 scrolls of amnesia
 x - a scroll of magic mapping
 y - 2 scrolls of identify
 C - a scroll of silence
 H - 2 scrolls of immolation
Potions
 b - 3 potions of might
 j - a potion of mutation
 l - a potion of attraction
 o - 2 potions of haste
 p - a potion of resistance
 q - 5 potions of ambrosia
 s - 2 potions of invisibility
 t - a potion of lignification
 w - a potion of curing
 z - a potion of magic


   Skills:
 + Level 10.9 Fighting
 - Level 14.0 Axes
 + Level 6.5 Armour
 - Level 1.7 Dodging


You had 10 spell levels left.
You didn't know any spells.
Your spell library was empty.

Dungeon Overview and Level Annotations

Branches:
Dungeon (12/15)            Temple (1/1) D:6            Lair (0/5) D:10
    Orc (0/2) D:12

Altars:
Ashenzari
Cheibriados
Dithmenos
Fedhas
Gozag
Hepliaklqana
Kikubaaqudgha
Makhleb
Nemelex Xobeh
Okawaru
Qazlal
Ru
Sif Muna
Trog
Uskayaw
Vehumet
Wu Jian
Xom
Yredelemnul

Shops:
D:2 =   D:5 *:[!

Annotations:
D:8 1 runed translucent door, snackwell's ghost, novice DsTm
D:10 exclusion: ice statue
D:11 2 transporters, 1 runed translucent door, Zvl3's ghost, journeyman MiMo


Innate Abilities, Weirdness & Mutations

You have a pair of small antennae on your head.
A weak demonic guardian rushes to your aid.
Your demonic aura sometimes causes spilled blood to erupt in flames.
You are partially covered in razor-sharp scales. (AC +1, Slay +1)


Message History

The bolt of acid hits the eight-headed hydra!!
The acid corrodes the eight-headed hydra!
You kill the eight-headed hydra!
Trog accepts your kill.
Unknown command.
You start resting.
Something hits you but does no damage.
There is a strange disturbance nearby!
There is a strange disturbance nearby!
You hit something. You freeze something. Something hits you but does no damage.
Something hits you.
* * * LOW HITPOINT WARNING * * *
Something hits you but does no damage. Something hits you.
* * * LOW HITPOINT WARNING * * *
Something hits you but does no damage. Something hits you.
* * * LOW HITPOINT WARNING * * *
Okay, then.
Your skin crawls.
You feel strong-willed. Something hits you.
* * * LOW HITPOINT WARNING * * *
Something hits you but does no damage.
Unknown command.
Okay, then.
Unknown command.
Unknown command.
Something hits you but does no damage.
A red film seems to cover your vision as you go berserk!
You feel yourself moving faster!
You feel mighty! Something hits you but does no damage.
You feel a strong urge to attack something.
Something hits you.
* * * LOW HITPOINT WARNING * * *
You hit something but do no damage. Something hits you but does no damage.
You closely miss something. Something hits you!
* * * LOW HITPOINT WARNING * * *
You slash something! You freeze something. Something hits you.
* * * LOW HITPOINT WARNING * * *
Something hits you!
You die...

###.#######.# #.# #. #.....# #.#
#.# ## #.###.# #.# #.# #.# #.#
#.# ##.# ##### #.###.###.# #..# #
....## #.........# #.####### ##
.....## ##.##.##### #.......###.
......####...#.#######.#...#.##..
......'........{@○............+..
......####...#.#######.....#.##..
.....## ##.##.# #.#..##.###.
?...## ####.# #.#.###.# ## ...##
#.# #.#.###.#### #'## #.#
#>......#... #.#### #.#
###.####.... .....# #.#
#.###..... #.##.# #.##......


There were no monsters in sight!

Vanquished Creatures
  A hydra (D:12)
  3 two-headed ogres
  A deep elf pyromancer (D:12)
  A cyclops (D:11)
  2 unseen horrors (D:12)
  7 trolls
  Prince Ribbit (D:8)
  2 slime creatures (D:12)
  A wyvern (D:11)
  2 wraiths
  27 yaks
  2 steam dragons
  Menkaure (D:7)
  A water moccasin (D:5)
  2 black bears
  3 orc warriors
  An ice beast (D:7)
  A sky beast (D:7)
  4 ogres
  3 centaurs
  A gnoll sergeant (D:9)
  3 jellies (D:5)
  A scorpion (D:5)
  5 wights (D:8)
  8 killer bees (D:9)
  5 orc priests
  A gnoll bouda (D:7)
  3 hounds
  Crazy Yiuf (D:2)
  4 iguanas
  12 orc wizards
  Ijyb (D:4)
  9 adders
  7 gnolls
  2 shadow imps
  A white imp (D:6)
  2 ufetubi
  A worm (D:4)
  5 dart slugs
  34 orcs
  6 bats
  7 endoplasms
  2 giant cockroaches (D:3)
  19 goblins
  8 hobgoblins
  5 quokkas
  7 ball pythons
  4 frilled lizards (D:1)
  3 kobolds
  6 rats
239 creatures vanquished.

Vanquished Creatures (collateral kills)
  A hydra (D:11)
  2 yaks (D:11)
  An orc warrior (D:12)
  An orc (D:2)
  An endoplasm (D:2)
  A goblin (D:2)
7 creatures vanquished.

Vanquished Creatures (others)
  A bat (D:3)
  A withered plant (D:1)
2 creatures vanquished.

Grand Total: 248 creatures vanquished

Notes
Turn   | Place    | Note
-------+----------+-------------------------------------------
     0 | D:1      | ytrimaz the Demonspawn Berserker began the quest for the
                  | Orb.
     0 | D:1      | Reached XP level 1. HP: 18/18 MP: 1/1
   169 | D:1      | Reached skill level 3 in Axes
   182 | D:1      | Gained mutation: A weak demonic guardian rushes to your
                  | aid. [demonic ancestry]
   182 | D:1      | Reached XP level 2. HP: 20/24 MP: 2/2
   419 | D:1      | Found Gazout Tagi's Magic Scroll Shoppe.
   429 | D:1      | Reached ** piety under Trog
   437 | D:1      | Gained mutation: You have a pair of small antennae on your
                  | head. [demonic ancestry]
   437 | D:1      | Reached XP level 3. HP: 25/29 MP: 3/3
   493 | D:1      | Found a faded altar of an unknown god.
   815 | D:2      | You fall into a shaft and drop 1 floor!
   960 | D:2      | Found Hyanari's Jewellery Emporium.
   962 | D:2      | Reached skill level 4 in Axes
  1379 | D:2      | Reached XP level 4. HP: 33/35 MP: 4/4
  1877 | D:2      | Found a runed translucent door.
  1878 | D:2      | Noticed Crazy Yiuf
  1890 | D:2      | Killed Crazy Yiuf
  1891 | D:2      | Reached skill level 5 in Axes
  2069 | D:3      | Found a stormy altar of Qazlal.
  2290 | D:3      | Gained mutation: Your demonic aura sometimes causes spilled
                  | blood to erupt in flames. [demonic ancestry]
  2290 | D:3      | Reached XP level 5. HP: 39/41 MP: 5/5
  2957 | D:4      | Noticed Ijyb
  2975 | D:4      | Killed Ijyb
  2987 | D:4      | Noticed an ogre
  3001 | D:3      | HP: 2/41 [goblin/+0 club (3)]
  3392 | D:4      | Reached skill level 6 in Axes
  3448 | D:4      | Reached XP level 6. HP: 43/47 MP: 6/6
  3672 | D:4      | Found a snail-covered altar of Cheibriados.
  3859 | D:4      | Reached skill level 7 in Axes
  4358 | D:5      | Entered Level 5 of the Dungeon
  4388 | D:5      | Found Goshec's General Store.
  4389 | D:5      | Found Elovirph's Armour Boutique.
  4398 | D:5      | Gained mutation: You are partially covered in razor-sharp
                  | scales. (AC +1, Slay +1) [demonic ancestry]
  4398 | D:5      | Reached XP level 7. HP: 37/52 MP: 7/7
  4406 | D:5      | Found Ejojaefy's Book Boutique.
  4409 | D:5      | Found Opsom's Distillery.
  4581 | D:5      | Reached skill level 8 in Axes
  4664 | D:5      | Found a sparkling altar of Nemelex Xobeh.
  6014 | D:5      | Reached skill level 9 in Axes
  6014 | D:5      | Reached XP level 8. HP: 41/58 MP: 8/8
  6175 | D:6      | Reached *** piety under Trog
  6668 | D:6      | Found a staircase to the Ecumenical Temple.
  6998 | D:7      | Reached skill level 10 in Axes
  7182 | D:7      | Reached XP level 9. HP: 19/65 MP: 9/9
  7622 | D:7      | Reached skill level 11 in Axes
  7823 | D:7      | Found an opulent altar of Gozag.
  7823 | D:7      | Noticed Menkaure
  7852 | D:7      | HP: 1/65 [Menkaure (18)]
  7854 | D:7      | Killed Menkaure
  8736 | D:8      | Found a runed translucent door.
  8736 | D:8      | Noticed snackwell's ghost (novice DsTm)
  8795 | D:8      | Noticed Prince Ribbit
  8798 | D:8      | Killed Prince Ribbit
  8821 | D:8      | Reached skill level 12 in Axes
  8832 | D:8      | Reached skill level 5 in Fighting
  9752 | D:8      | Reached XP level 10. HP: 74/74 MP: 10/10
 10255 | D:9      | Reached skill level 13 in Axes
 10881 | Temple   | Entered the Ecumenical Temple
 11544 | D:9      | HP: 4/115 [poisoned by a killer bee]
 12278 | D:10     | Entered Level 10 of the Dungeon
 12817 | D:10     | Reached skill level 14 in Axes
 12937 | D:10     | Noticed an ice statue
 13068 | D:10     | Found a staircase to the Lair.
 13540 | D:10     | Noticed a two-headed ogre
 13546 | D:10     | Killed a two-headed ogre
 13547 | D:10     | Reached XP level 11. HP: 54/87 MP: 11/11
 13576 | D:10     | Noticed a two-headed ogre
 13736 | D:10     | Found a radiant altar of Vehumet.
 13833 | D:10     | Killed a two-headed ogre
 13879 | D:11     | Noticed an eight-headed hydra
 14016 | D:5      | Bought a +3 plate armour of willpower for 630 gold pieces
 14139 | D:11     | Found a transporter.
 14140 | D:11     | Noticed a boulder beetle
 14141 | D:11     | Noticed a deep troll
 14141 | D:11     | Noticed Zvl3's ghost (journeyman MiMo)
 14144 | D:11     | Found a transporter.
 14145 | D:11     | Noticed a two-headed ogre
 14441 | D:11     | Noticed a two-headed ogre
 14446 | D:11     | Killed a two-headed ogre
 14688 | D:11     | Found a runed translucent door.
 14689 | D:11     | Noticed an ogre mage
 14689 | D:11     | Noticed a cyan ugly thing
 14690 | D:11     | Identified the +5 rapier "Lysk" {drain, rN++ Stlth-}
 15142 | D:11     | HP: 3/90 [nine-headed hydra (5)]
 15142 | D:11     | Killed a nine-headed hydra
 15143 | D:11     | Reached skill level 10 in Fighting
 16388 | D:12     | Noticed a deep elf pyromancer
 16395 | D:12     | Killed a deep elf pyromancer
 16396 | D:12     | Reached skill level 5 in Armour
 16402 | D:12     | Found a staircase to the Orcish Mines.
 17863 | D:12     | Noticed an eight-headed hydra
 17895 | D:12     | Killed an eight-headed hydra
 17907 | D:12     | HP: 6/138 [something (4)]
 17908 | D:12     | Slain by an unseen horror

Illustrated notes

Levels and vault maps discovered:
D:1:      lemuel_arrival_rhombus, layout_rooms, serial_shops,
          nicolae_shop_hallway_stairs, shapermc_ecumenical_altar_flowoftime
D:2:      layout_rooms, serial_shops, nicolae_shop_crystal,
          guppyfry_early_orc_mine, uniq_crazy_yiuf_cottage
D:3:      layout_loops_ring, grunt_qazlal_sundering, serial_forest,
          infiniplex_forest_clump_small, infiniplex_forest_pool,
          infiniplex_forest_end_2, infiniplex_forest_join,
          infiniplex_forest_clump_diagonal, infiniplex_forest_lined_2,
          infiniplex_forest_straight_3, infiniplex_forest_lined_2,
          infiniplex_forest_lined_4_way
D:4:      layout_rooms, kennysheep_mini_moat, hangedman_decor_riveting,
          hangedman_feature_mirror, minmay_ogre_servants, uniq_ijyb
D:5:      layout_basic, mainiacjoe_overflow_24_doors, minmay_shop_grid_forest,
          kennysheep_minor_cross
D:6:      layout_cave_pools, minmay_temple_entry_wispy
D:7:      layout_basic, nicolae_overflow_crystal_walls, uniq_menkaure
D:8:      layout_loops_corners, hellmonk_ghost_happy_afterlife,
          uniq_prince_ribbit1
D:9:      layout_irregular_city
D:10:     cheibrodos_frozen_isle, layout_irregular_city,
          mainiacjoe_overflow_alcove_4, overflow_temple_1_default,
          dpeg_oklobed_lair
D:11:     layout_gridville, gammafunk_ghost_arena, minmay_st_funbox
D:12:     layout_loops_corners, minmay_orc_entry_temple_small,
          lightli_elemental_guards, uniq_kirke
Temple:   eino_temple_rhombus

Skill      XL: |  1  2  3  4  5  6  7  8  9 10 11 |
---------------+----------------------------------+-----
Axes           | 3 4 5 6 7 9 10 12 14 | 14.0
Fighting       | 5 8 10 | 10.9
Armour         | 6 |  6.5
Dodging        | |  1.7

Action                   |  1- 3 |  4- 6 |  7- 9 | 10-12 || total
-------------------------+-------+-------+-------+-------++-------
Melee: Hand axe          |   125 |   144 |   249 |   306 ||   824
       Punch             |     2 |     5 |       |     4 ||    11
       War axe           |       |       |       |    15 ||    15
Invok: Berserk           |     1 |     4 |     8 |    11 ||    24
       Trog's Hand       |     1 |       |     3 |     5 ||     9
Evoke: Wand              |       |       |       |     1 ||     1
  Use: Scroll            |     5 |     9 |     9 |     9 ||    32
       Potion            |     2 |       |       |     2 ||     4
 Stab: Sleeping          |     1 |       |     2 |       ||     3
Armor: Leather armour    |    78 |    50 |    81 |     7 ||   216
       Chain mail        |       |       |       |    60 ||    60
       Troll leather arm |       |       |       |     2 ||     2
       Plate armour      |       |       |       |   189 ||   189
Dodge: Dodged            |   106 |    82 |   111 |   130 ||   429

Table legend: (Time is in decaauts)
 A = Elapsed time spent in this place.
 B = Non-inter-level travel time spent in this place.
 C = Inter-level travel time spent in this place.
 D = Time resting spent in this place.
 E = Time spent auto-exploring this place.
 F = Levels seen in this place.
 G = Mean time per level.
                   A        B        C        D        E       F      G
               +--------+--------+--------+--------+--------+-----+--------+
         Total |  17987 |  17146 |    841 |   2516 |  12354 |  13 | 1383.6 |
       Dungeon |  17786 |  16963 |    823 |   2516 |  12185 |  12 | 1482.2 |
        Temple |    200 |    182 |     18 |      0 |    169 |   1 |  200.0 |
               +--------+--------+--------+--------+--------+-----+--------+

Top non-repeatable levels by time:
     D:9: 2021 daAuts
     D:5: 1943 daAuts
    D:11: 1896 daAuts
    D:12: 1853 daAuts
     D:7: 1623 daAuts
     D:8: 1554 daAuts
     D:3: 1394 daAuts
    D:10: 1298 daAuts
     D:2: 1140 daAuts
     D:6: 1124 daAuts
     D:4: 1120 daAuts
     D:1: 814 daAuts
  Temple: 200 daAuts
